 Dungeon Crawl Stone Soup version 0.25-a0-734-g73332aeda9 (webtiles) character file.

Game seed: 1944662522447684729, levelgen mode: deterministic

229 ReteAZ the Magician (level 5, -1/35 HPs)
             Began as a Mummy Wizard on Apr 11, 2020.
             Slain by a centaur zombie (2 damage)
             ... in an ossuary.
             The game lasted 00:15:29 (4473 turns).

ReteAZ the Magician (Mummy Wizard)                  Turns: 4473, Time: 00:15:30

Health: -1/35      AC:  2    Str: 10    XL:     5   Next: 71%
Magic:  3/12       EV: 12    Int: 18    God:
Gold:   45         SH:  0    Dex: 11    Spells: 8/14 levels left

rFire    x . .     SeeInvis .   h - +1 hunting sling
rCold    + . .     Gourm    .   (no shield)
rNeg     + + +     Faith    .   a - +0 robe
rPois    ∞         Spirit   .   b - +0 hat
rElec    .         Reflect  .   g - scarf {repulsion}
rCorr    .         Harm     .   (no gloves)
MR       .....                  (no boots)
Stlth    ++........             (no amulet)
HPRegen  0.11/turn              (no ring)
MPRegen  0.13/turn              (no ring)

@: repel missiles
A: no food or potions, fire vulnerability, cold resistance 1, negative energy
resistance 3, torment resistance, unbreathing
a: no special abilities


You were in an ossuary.
You were not hungry.

You visited 1 branch of the dungeon, and saw 4 of its levels.
You also visited: Ossuary.

You collected 45 gold pieces.

Inventory:

Hand Weapons
 h - a +1 hunting sling (weapon)
Missiles
 d - 87 stones (quivered)
Armour
 a - a +0 robe (worn)
 b - a +0 hat (worn)
 g - a scarf of repulsion (worn)
Scrolls
 c - 3 scrolls of identify {unknown}
 e - 2 scrolls of fear {unknown}
 f - 4 scrolls of remove curse {unknown}
 i - 2 scrolls of noise {unknown}
 j - 2 scrolls of amnesia {unknown}


   Skills:
 - Level 1.5 Dodging
 - Level 1.5 Stealth
 + Level 5.2 Spellcasting
 * Level 3.4 Conjurations
 + Level 2.1 Summonings
   Level 0.7 Translocations


You had 8 spell levels left.
You knew the following spells:

 Your Spells              Type           Power        Failure   Level  Hunger
a - Magic Dart            Conj           ###.         3%          1    N/A
b - Call Imp              Summ           ##......     8%          2    N/A
c - Mephitic Cloud        Conj/Pois/Air  #.......     24%         3    N/A

Your spell library contained the following spells:

 Spells                   Type           Power        Failure   Level  Hunger
 Blink                    Tloc           N/A          14%         2    N/A
 Conjure Flame            Conj/Fire      ##......     19%         3    N/A
 Slow                     Hex            #.......     21%         2    N/A

Dungeon Overview and Level Annotations

Branches:
Dungeon (4/15)            Ossuary (1/1)
 Temple: D:4-7

Altars:


Innate Abilities, Weirdness & Mutations

You do not eat or drink.
Your flesh is vulnerable to fire.
You are immune to poison.
Your flesh is cold resistant. (rC+)
You are immune to negative energy. (rN+++)
You are immune to unholy pain and torment.
You can survive without breathing.


Message History

Casting: Call Imp (safe; 8% risk of failure)
Confirm with . or Enter, or press ? or * to list all spells.
A beastly little devil appears in a puff of flame.
The jackal zombie barely misses your crimson imp.
The centaur zombie completely misses you.
The jackal zombie barely misses your crimson imp.
Your crimson imp closely misses the jackal zombie.
Your crimson imp hits the jackal zombie.
Your crimson imp hits the jackal zombie.
The jackal zombie is destroyed!
The centaur zombie barely misses you. The centaur zombie barely misses you.
Your crimson imp blinks!
The centaur zombie hits you.
* * * LOW HITPOINT WARNING * * *
As you read the scroll labeled UMOKLO SOZXIO, it crumbles to dust.
It is a scroll of enchant weapon.
Your +0 hunting sling glows red for a moment.
The centaur zombie hits you.
You die...

.......8..8........#
.......Z.Z.........#
..######..######...#
..#....#..# #...#
..#.#..#..# #...#
..#.####..####.#...#
..#............#...#
..#.......####.#...#
..#.......# #@..#
..#.......# #Z..#
..#.....§.# #...#
..####'....... #...#
..# .#...#### #5..#
..# ..#...# #...#
..##############5..#
...........555.....#
........∩∩....(....#


You could see a centaur zombie, a friendly iron imp and a friendly crimson imp.

Vanquished Creatures
  A centaur zombie (Ossuary)
  An orc priest (D:3)
  A mummy (Ossuary)
  An adder (D:2)
  2 oozes
  4 leopard geckos
  6 orcs (D:3)
  5 giant cockroaches
  8 goblins
  3 hobgoblins (D:3)
  A quokka (D:2)
  3 bats
  4 frilled lizards
  2 goblin zombies (Ossuary)
  5 hobgoblin zombies (Ossuary)
  4 kobolds
  11 kobold zombies (Ossuary)
  4 orc zombies (Ossuary)
  4 rats
70 creatures vanquished.

Vanquished Creatures (collateral kills)
  A crimson imp (D:4)
  A human zombie (Ossuary)
  Jessica (D:3)
  A mummy (Ossuary)
  An adder (D:2)
  3 worms (D:2)
  An orc (D:3)
  A goblin (D:2)
  3 hobgoblin zombies (Ossuary)
  2 jackal zombies (Ossuary)
  2 kobold zombies (Ossuary)
  An orc zombie (Ossuary)
18 creatures vanquished.

Grand Total: 88 creatures vanquished

Notes
Turn   | Place    | Note
-------+----------+-------------------------------------------
     0 | D:1      | ReteAZ the Mummy Wizard began the quest for the Orb.
     0 | D:1      | Reached XP level 1. HP: 13/13 MP: 5/5
    34 | D:1      | Reached skill level 1 in Conjurations
   217 | D:1      | Reached XP level 2. HP: 19/19 MP: 4/7
   221 | D:1      | Learned a level 2 spell: Call Imp
  1177 | D:2      | Reached skill level 1 in Summonings
  1333 | D:2      | Reached XP level 3. HP: 24/24 MP: 2/8
  1562 | D:2      | Noticed a centaur
  2426 | D:3      | Reached XP level 4. HP: 30/30 MP: 0/10
  2612 | D:3      | Noticed Jessica
  2626 | D:3      | Killed Jessica
  3379 | D:3      | Learned a level 3 spell: Mephitic Cloud
  3440 | D:4      | Reached skill level 5 in Spellcasting
  3440 | D:4      | Reached XP level 5. HP: 30/35 MP: 1/12
  3586 | D:4      | Found a sand-covered staircase.
  3632 | Ossuary  | Entered an ossuary
  4472 | Ossuary  | HP: 1/35 [centaur zombie (5)]
  4473 | Ossuary  | Slain by a centaur zombie

Levels and vault maps discovered:
D:1:      saegor_arrival_simple_b, layout_basic
D:2:      layout_basic, serial_bayou_pond_a
D:3:      layout_basic, first_ration, uniq_jessica
D:4:      corexii_shack_village, layout_cave_pools, minmay_temple_entry_ruins,
          nicolae_ossuary_entry_false_entrances
Ossuary:  ossuary_tomb_1

Skill      XL: |  1  2  3  4  5 |
---------------+----------------+-----
Conjurations   | 1 2 3 |  3.4
Summonings     | 1 2 |  2.1
Spellcasting   | 5 |  5.2
Dodging        | |  1.5
Stealth        | |  1.5
Translocations | |  0.7

Action                   |  1- 3 |  4- 6 || total
-------------------------+-------+-------++-------
Melee: Unarmed           |     6 |       ||     6
 Fire: Hunting sling     |     4 |    62 ||    66
Throw: Stone             |     4 |       ||     4
 Cast: Magic Dart        |    91 |   107 ||   198
       Call Imp          |    13 |    34 ||    47
  Use: Scroll            |       |     1 ||     1
Armor: Robe              |     7 |     8 ||    15
Dodge: Dodged            |    38 |    34 ||    72
       Deflected         |     4 |     2 ||     6

Table legend:
 A = Non-vault XP
 B = Vault XP
 C = Vault XP percentage of total XP
 D = Non-vault monster count
 E = Vault monster count
 F = Vault count percentage of total count
                 A         B        C        D         E       F
            +---------+---------+-------+---------+---------+-------
      Total |     178 |     150 |  45.7 |      53 |      35 |  39.8
            +---------+---------+-------+---------+---------+-------
        D:1 |      20 |       0 |   0.0 |      12 |       0 |   0.0
        D:2 |      52 |       0 |   0.0 |      15 |       0 |   0.0
        D:3 |      79 |      30 |  27.5 |      24 |       1 |   4.0
        D:4 |      27 |       0 |   0.0 |       2 |       0 |   0.0
    Ossuary |       0 |     120 | 100.0 |       0 |      34 | 100.0
            +---------+---------+-------+---------+---------+-------
